 Dungeon Crawl Stone Soup version 0.30.0-20-g3615ddf2f0 (webtiles) character file.

Game seed: 1115336614806681176

1086 qw the Chopper (level 8, -2/49 HPs)
             Began as a Gargoyle Fighter on May 27, 2023.
             Slain by a gnoll
             ... wielding a +0 flail
             ... led by a gnoll bouda
              (5 damage)
             ... on level 6 of the Dungeon.
             The game lasted 00:02:25 (5569 turns).

qw the Chopper (Gargoyle Fighter)                   Turns: 5569, Time: 00:02:26

Health: -2/49      AC: 21    Str: 22    XL:     8   Next: 30%
Magic:  8/8        EV:  2    Int:  9    God:
Gold:   242        SH: 27    Dex:  9    Spells: 7/7 levels left

rFire   . . .        Y - +0 war axe (protect)
rCold   . . .        u - +18 shield of the Gong {Loud rN+ Will+ rCorr EV-5}
rNeg    + + .        m - +0 chain mail
rPois   inf          (no helmet)
rElec   +            (no cloak)
rCorr   +            (no gloves)
SInv    +            (no boots)
Will    ++...        (no amulet) Stlth
                     h - ring of willpower
HPRegen 0.28/turn    j - ring of see invisible
MPRegen 0.11/turn

%: no passive effects
@: about to teleport, weakened, under a protective aura
A: sickness immunity, AC +5, negative energy resistance 1, electricity
resistance, torment resistance 1, petrification resistance
a: no special abilities


You were on level 6 of the Dungeon.
You visited 1 branch of the dungeon, and saw 6 of its levels.

You collected 242 gold pieces.


Innate Abilities, Weirdness & Mutations

You are immune to sickness and miasma.
Your stone body is resilient. (AC +5)
You are immune to poison.
You resist negative energy. (rN+)
You are resistant to electric shocks. (rElec)
You are resistant to unholy torment.
You are immune to petrification.


   Skills:
 - Level 5.1 Fighting
 + Level 6.5 Axes
 - Level 3.2 Armour
 - Level 2.0 Dodging
 - Level 6.0 Shields


You had 7 spell levels left.
You didn't know any spells.
Your spell library was empty.

Inventory:

Hand Weapons
 b - a +0 flail
 Y - a +0 war axe of protection (weapon)
Missiles
 i - 2 boomerangs (quivered)
Armour
 m - a +0 chain mail (worn)
 u - the +18 shield of the Gong (worn) {Loud rN+ Will+ rCorr EV-5}
   (You found it on level 4 of the Dungeon)

   Loud:      It is deafeningly noisy when blocking attacks.
   EV:        It affects your evasion (-5).
   rN:        It protects you from negative energy.
   rCorr:     It protects you from acid and corrosion.
   Will:      It increases your willpower.
Jewellery
 h - a ring of willpower (left hand)
 j - a ring of see invisible (right hand)
Wands
 k - a wand of digging (3)
Scrolls
 g - a scroll of identify
 p - a scroll of teleportation
Potions
 a - a potion of curing
 d - a potion of might
 e - a potion of haste
 f - a potion of heal wounds
 l - a potion of attraction
 o - a potion of cancellation
 s - a potion of ambrosia {unknown}
 t - a potion of mutation {unknown}

Dungeon Overview and Level Annotations

Branches:
Dungeon (6/15)
 Temple: D:4-7

Altars:
Ashenzari
Cheibriados
Trog
Uskayaw
Vehumet
Yredelemnul
Zin

Annotations:
D:3 2 transporters, qw's ghost, amateur GrFi
D:4 1 runed translucent door, Crazy Yiuf


Message History

You block the orc wizard's attack.
GONNNNG!
You block the adder's attack.
GONNNNG!
The gnoll bouda hits you but does no damage.
The gnoll hits you but does no damage. x2
You hear an angry hiss. x2
You hit the ice beast.
The ice beast is almost dead.
You hit the gnoll but do no damage. You closely miss the adder.
You hit the gnoll bouda but do no damage.
You hit the wight but do no damage. You hit the orc wizard.
You closely miss the orc wizard. You block the adder's attack.
GONNNNG!
You block the wight's attack.
GONNNNG!
You block the ice beast's attack.
GONNNNG!
The gnoll bouda hits you but does no damage.
The orc wizard hits you with a +0 dagger.
The orc wizard casts a spell at you. The magic dart hits you.
The gnoll hits you but does no damage. The adder bites you but does no damage.
You block the gnoll's attack.
PTOANNNG!
The wight hits you with a +1 short sword.
The orc wizard hits you with a +0 dagger.
The ice beast hits you. The ice beast freezes you!
The orc wizard hits you but does no damage.
The gnoll bouda hits you but does no damage.
You hear an angry hiss. x2
5569 ||| READING 2 scrolls of teleportation.
As you read the scroll of teleportation, it crumbles to dust.
You feel strangely unstable. You block the adder's attack.
SHROANNG!
You block the gnoll's attack.
GONNNNG!
The gnoll hits you with a +0 flail.
You die...

##.>. # .....
#.# ...... .#.#
...... ...#
..^...# #..#
......h#...#
.....goSYo####
.....oo@#....##
.....gggz.....#
.##....g.>...)#
#...........#
#...........'
##..........'
##...##<..##
########..# .#


You could see a black bear, an ice beast, a gnoll bouda, a wight, an orc priest,
2 orc wizards, 4 gnolls, an adder and an orc.

Vanquished Creatures
  Prince Ribbit (D:5)
  A water moccasin (D:5)
  Duvessa (D:4)
  A phantom (D:6)
  2 kobold brigands (D:3)
  Dowan (D:4)
  5 hounds
  A jelly (D:5)
  An iguana (D:5)
  7 gnolls
  5 adders
  A white imp (D:5)
  An ufetubus (D:5)
  A worm (D:2)
  2 dart slugs
  6 orcs
  7 endoplasms
  2 giant cockroaches
  11 goblins
  8 hobgoblins
  3 jackals (D:5)
  10 kobolds
  5 quokkas
  3 ball pythons
  5 frilled lizards
  8 rats
99 creatures vanquished.

Notes
Turn   | Place    | Note
-------+----------+-------------------------------------------
     0 | D:1      | qw the Gargoyle Fighter began the quest for the Orb.
     0 | D:1      | Reached XP level 1. HP: 14/14 MP: 1/1
     0 | D:1      | 0 ||| qw: Version: 0.2-a-99-gce666ed
     0 | D:1      | 0 ||| qw: Game counter: 180
     0 | D:1      | 0 ||| qw: Always use a shield: true
     0 | D:1      | 0 ||| qw: God list: Okawaru
     0 | D:1      | 0 ||| qw: Allow faded altars: false
     0 | D:1      | 0 ||| qw: Do Orc after D:15 true
     0 | D:1      | 0 ||| qw: Do second Lair branch before Depths: true
     0 | D:1      | 0 ||| qw: Lair rune preference: random
     0 | D:1      | 0 ||| qw: Plans: Normal, Zot:1-4, God:TSO, Crypt, Tomb,
                  | Pan, Slime:5, Hells, Abyss, Win
     0 | D:1      | 0 ||| PLANNING D:1-11
   217 | D:1      | Reached XP level 2. HP: 17/19 MP: 2/2
   226 | D:1      | 226 ||| Stepping ~*~*~tactically~*~*~ (stealth).
   658 | D:1      | Reached skill level 3 in Axes
   769 | D:1      | Reached XP level 3. HP: 23/23 MP: 3/3
   903 | D:1      | 903 ||| UPGRADING to ring of willpower.
   904 | D:1      | 904 ||| READING 2 scrolls labelled WEFRUS WEHIMUGH.
   905 | D:1      | 905 ||| READING 2 scrolls labelled WONLEIPORE.
   906 | D:1      | 906 ||| READING scroll labelled ENYNUBBIFAR.
   909 | D:1      | 909 ||| READING scroll labelled KUUSCH SIFOKHLIN.
   910 | D:1      | 910 ||| DRINKING 2 metallic silvery potions.
   911 | D:1      | 911 ||| DROPPING scroll of fear.
   912 | D:1      | 912 ||| DROPPING potion of flight.
   969 | D:2      | 969 ||| Stepping ~*~*~tactically~*~*~ (hiding).
   971 | D:2      | 971 ||| Stepping ~*~*~tactically~*~*~ (hiding).
   972 | D:2      | 972 ||| Stepping ~*~*~tactically~*~*~ (hiding).
   994 | D:2      | 994 ||| Stepping ~*~*~tactically~*~*~ (stealth).
  1018 | D:2      | Reached XP level 4. HP: 23/28 MP: 4/4
  1041 | D:2      | 1041 ||| Stepping ~*~*~tactically~*~*~ (stealth).
  1144 | D:2      | 1144 ||| DROPPING +0 club.
  1148 | D:2      | Found a faded altar of an unknown god.
  1162 | D:2      | 1162 ||| Stepping ~*~*~tactically~*~*~ (hiding).
  1991 | D:2      | 1991 ||| UPGRADING to ring of see invisible.
  1992 | D:2      | 1992 ||| READING 2 scrolls labelled GAFOSU LIASE.
  1993 | D:2      | 1993 ||| READING scroll labelled XIREMINEOX.
  1994 | D:2      | 1994 ||| READING scroll labelled FUCAW XOKHUI.
  1995 | D:2      | 1995 ||| DRINKING 2 puce potions.
  1996 | D:2      | 1996 ||| DROPPING scroll of magic mapping.
  2286 | D:3      | Noticed a water moccasin
  2472 | D:3      | Noticed qw's ghost (amateur GrFi)
  2476 | D:3      | Found a transporter.
  2479 | D:3      | Found a transporter.
  2494 | D:3      | Found a snail-covered altar of Cheibriados.
  2578 | D:3      | Found a broken altar of Ashenzari.
  2612 | D:3      | Found a basalt altar of Yredelemnul.
  2624 | D:3      | 2624 ||| Stepping ~*~*~tactically~*~*~ (stealth).
  2625 | D:3      | 2625 ||| Stepping ~*~*~tactically~*~*~ (stealth).
  2629 | D:3      | 2629 ||| Stepping ~*~*~tactically~*~*~ (stealth).
  2682 | D:3      | Found a radiant altar of Vehumet.
  2829 | D:3      | 2829 ||| UPGRADING to +0 chain mail.
  2839 | D:3      | 2839 ||| DROPPING +0 scale mail.
  2948 | D:3      | Reached XP level 5. HP: 32/32 MP: 5/5
  2973 | D:3      | 2973 ||| DROPPING +4 whip of venom.
  3190 | D:3      | Noticed a kobold brigand
  3190 | D:3      | Noticed a kobold brigand
  3210 | D:3      | Killed a kobold brigand
  3210 | D:3      | Killed a kobold brigand
  3211 | D:3      | Reached XP level 6. HP: 25/40 MP: 6/6
  3278 | D:3      | 3278 ||| READING scroll labelled LOUSOA ZOMOWEE.
  3279 | D:3      | 3279 ||| DRINKING 2 green potions.
  3280 | D:3      | 3280 ||| READING 2 scrolls of identify.
  3280 | D:3      | 3280 ||| IDENTIFYING viscous purple potion
  3354 | D:4      | 3354 ||| FLEEEEING.
  3355 | D:4      | 3355 ||| FLEEEEING.
  3372 | D:4      | 3372 ||| Stepping ~*~*~tactically~*~*~ (stealth).
  3434 | D:4      | Found a glowing silver altar of Zin.
  3887 | D:4      | Noticed Dowan
  3888 | D:4      | 3888 ||| Stepping ~*~*~tactically~*~*~ (hiding).
  3903 | D:4      | Noticed Duvessa
  3917 | D:4      | Killed Duvessa
  3918 | D:4      | Reached XP level 7. HP: 30/44 MP: 7/7
  3932 | D:4      | Killed Dowan
  3933 | D:4      | Reached skill level 6 in Axes
  4032 | D:4      | Found the +18 shield of the Gong {Loud rN+ Will+ rCorr
                  | EV-5}
  4121 | D:4      | Found a runed translucent door.
  4122 | D:4      | Noticed Crazy Yiuf
  4125 | D:4      | 4125 ||| UPGRADING to +18 shield of the Gong {Loud rN+
                  | Will+ rCorr EV-5}.
  4135 | D:4      | 4135 ||| DROPPING +0 buckler.
  4136 | D:4      | 4136 ||| READING scroll labelled XURAOSSEOJI.
  4137 | D:4      | 4137 ||| DRINKING 2 amethyst potions.
  4138 | D:4      | 4138 ||| READING 5 scrolls of identify.
  4138 | D:4      | 4138 ||| IDENTIFYING clear potion
  4139 | D:4      | 4139 ||| READING 4 scrolls of identify.
  4139 | D:4      | 4139 ||| IDENTIFYING viscous puce potion
  4140 | D:4      | 4140 ||| READING 3 scrolls of identify.
  4140 | D:4      | 4140 ||| IDENTIFYING fizzy brown potion
  4141 | D:4      | 4141 ||| READING 2 scrolls of identify.
  4141 | D:4      | 4141 ||| IDENTIFYING white potion
  4142 | D:4      | 4142 ||| DROPPING potion of brilliance.
  4143 | D:4      | 4143 ||| DROPPING potion of degeneration.
  4144 | D:4      | 4144 ||| DROPPING potion of magic.
  4163 | D:5      | Entered Level 5 of the Dungeon
  4179 | D:5      | 4179 ||| Stepping ~*~*~tactically~*~*~ (hiding).
  4197 | D:5      | 4197 ||| Stepping ~*~*~tactically~*~*~ (stealth).
  4209 | D:5      | Noticed Prince Ribbit
  4263 | D:5      | Killed Prince Ribbit
  4558 | D:5      | Reached skill level 6 in Shields
  4579 | D:5      | 4579 ||| Stepping ~*~*~tactically~*~*~ (hiding).
  4588 | D:5      | Reached XP level 8. HP: 49/49 MP: 8/8
  4869 | D:5      | Found a bloodstained altar of Trog.
  5015 | D:5      | Identified the +5 short sword "Itinah" {venom, rCorr Int+3}
  5261 | D:5      | Found a hide-covered altar of Uskayaw.
  5517 | D:5      | 5517 ||| READING scroll labelled BYTEXA TAOMP.
  5568 | D:6      | HP: 3/49 [ice beast (12)]
  5569 | D:6      | 5569 ||| READING 2 scrolls of teleportation.
  5569 | D:6      | Slain by a gnoll

Levels and vault maps discovered:
D:1:      dpeg_arrival_windows_large_door, layout_basic, minmay_crystal_water
D:2:      layout_basic, dreamdust_ecumenical_altar_grove
D:3:      cheibrodos_thug_alley, layout_basic, overflow_temple_1_default,
          mainiacjoe_overflow_surrounded_room,
          mainiacjoe_overflow_catch_the_wave, gammafunk_ghost_arena,
          cheibrodos_gnoll_hut
D:4:      layout_loops_ring, mainiacjoe_overflow_tiny_flanked,
          uniq_crazy_yiuf_cottage, uniq_duvessa
D:5:      layout_layer_cave, lightli_temple_of_fire,
          nicolae_overflow_hidden_temple, grunt_ministairs_15,
          dreamdust_mushroom_princess, uniq_prince_ribbit1
D:6:      layout_rooms, kennysheep_generic_room_7

Skill      XL: |  1  2  3  4  5  6  7  8 |
---------------+-------------------------+-----
Axes           | 2 3 4 5 6 |  6.5
Fighting       | 5 |  5.1
Shields        | 6 |  6.0
Dodging        | 2 |  2.0
Armour         | |  3.2

Action                     |  1- 3 |  4- 6 |  7- 9 || total
---------------------------+-------+-------+-------++-------
  Melee: War axe           |    72 |   199 |   135 ||   406
  Throw: Boomerang         |       |       |     3 ||     3
    Use: Scroll            |     4 |     5 |     7 ||    16
         Potion            |     1 |     2 |     1 ||     4
 Armour: Scale mail        |    25 |    42 |       ||    67
         Chain mail        |       |    57 |    78 ||   135
  Dodge: Dodged            |    19 |    82 |    12 ||   113
  Block: Buckler           |    11 |    40 |     3 ||    54
         Kite shield       |       |       |   196 ||   196

Table legend:
 A = Non-vault XP
 B = Vault XP
 C = Vault XP percentage of total XP
 D = Non-vault monster count
 E = Vault monster count
 F = Vault count percentage of total count
                 A         B        C        D         E       F
            +---------+---------+-------+---------+---------+-------
      Total |     708 |     844 |  54.4 |      79 |      20 |  20.2
            +---------+---------+-------+---------+---------+-------
        D:1 |      37 |       0 |   0.0 |      21 |       0 |   0.0
        D:2 |     100 |       0 |   0.0 |      22 |       0 |   0.0
        D:3 |      15 |     308 |  95.4 |       8 |      13 |  61.9
        D:4 |      31 |     211 |  87.2 |       9 |       2 |  18.2
        D:5 |     405 |     325 |  44.5 |      17 |       5 |  22.7
        D:6 |     120 |       0 |   0.0 |       2 |       0 |   0.0
            +---------+---------+-------+---------+---------+-------
